 Dungeon Crawl Stone Soup version 0.16-a0-3536-g164200f (webtiles) character file.

98 Gronka the Skirmisher (level 4, -7/40 HPs)
             Began as a Hill Orc Fighter on Jan 8, 2015.
             Mangled by an ogre
             ... wielding a +0 giant club
              (24 damage)
             ... on level 3 of the Dungeon.
             The game lasted 00:05:11 (2079 turns).

Gronka the Skirmisher (Hill Orc Fighter)            Turns: 2079, Time: 00:05:11

Health: -7/40      AC: 10    Str: 19    XL:     4   Next: 71%
Magic:  4/4        EV:  7    Int:  8    God:
Gold:   120        SH:  9    Dex: 10    Spells: 0 memorised, 3 levels left

rFire  . . .     SeeInvis .     a - +0 flail
rCold  . . .     Clarity  .     b - +0 scale mail
rNeg   . . .     SustAb   .     c - +0 shield
rPois  .         Gourm    .     v - +2 helmet
rElec  .         Spirit   .     (no cloak)
rCorr  .         Warding  .     (no gloves)
rMut   .         Stasis   .     (no boots)
MR     .....                    (no amulet)
Stlth  ..........               (no ring)
                                (no ring)

@: not resistant to hostile enchantments, extremely unstealthy
A: no striking features
a: no special abilities


You were on level 3 of the Dungeon.
You were not hungry.

You visited 1 branch of the dungeon, and saw 3 of its levels.

You collected 120 gold pieces.

Inventory:

Hand weapons
 a - a +0 flail (weapon)
Armour
 b - a +0 scale mail (worn)
 c - a +0 shield (worn)
 v - a +2 helmet (worn)
Scrolls
 d - 3 scrolls of identify {unknown}
 f - 2 scrolls of remove curse
 g - a scroll of noise {unknown}
 i - 2 scrolls of magic mapping {unknown}
 n - a scroll of amnesia {unknown}
 o - 3 scrolls of immolation {unknown}
 q - a scroll of fog {unknown}
 u - 2 scrolls of teleportation {unknown}
 w - a scroll of random uselessness {unknown}
Potions
 e - a potion of might
 j - 2 potions of lignification {unknown}
 k - 2 potions of curing
 l - a potion of resistance {unknown}
 m - a potion of mutation {unknown}
 r - a potion of beneficial mutation {unknown}
 t - a potion of magic {unknown}
Comestibles
 h - 2 beef jerkies
 p - 2 bread rations
 s - a royal jelly
 x - a chunk of flesh


   Skills:
 + Level 4.3 Fighting
 + Level 2.8 Maces & Flails
 + Level 4.0 Armour
 + Level 1.2 Dodging
 + Level 0.3 Stealth
 + Level 3.9 Shields


You had 3 spell levels left.
You didn't know any spells.

Dungeon Overview and Level Annotations

Branches:
Dungeon (3/15)

Altars:


Message History

The giant newt bites you but does no damage.
You hit the ogre.
The ogre is almost dead.
The ogre barely misses you. The giant newt closely misses you.
You hit the ogre.
The ogre is almost dead.
You block the giant newt's attack. The ogre barely misses you.
Your shield prevents you from hitting the ogre.
The ogre is almost dead.
You block the giant newt's attack. The ogre hits you but does no damage.
The giant newt bites you but does no damage.
You completely miss the ogre.
The ogre is almost dead.
The ogre barely misses you. You block the giant newt's attack.
You barely miss the ogre.
The ogre is almost dead.
The giant newt bites you but does no damage.
The ogre hits you with a giant club!!
Ouch! That really hurt!
You die...

. #.. . .. .# ..###.##. .......
####..#.## #.#...... #.##Ol#
#....@# . #.##..#..
########.#......
#.....##.#........
###.....#............ ... .
#.......#..#.###.### ####....
#.................. .......
#.......#..#...#.######...#..##
#....####..###.# ..#........


You could see an ogre and a giant newt.

Vanquished Creatures
  An adder (D:2)
  A worm (D:2)
  An adder skeleton (D:3)
  2 giant geckos (D:1)
  3 oozes
  7 orcs (D:3)
  10 bats
  3 giant cockroaches
  8 goblins
  8 hobgoblins
  2 jackals (D:1)
  A quokka (D:2)
  4 giant newts
  7 kobolds
  4 rats
62 creatures vanquished.

Notes
Turn   | Place    | Note
--------------------------------------------------------------
     0 | D:1      | Gronka, the Hill Orc Fighter, began the quest for the Orb.
     0 | D:1      | Reached XP level 1. HP: 19/19 MP: 1/1
   146 | D:1      | Reached XP level 2. HP: 21/27 MP: 2/2
   368 | D:1      | Reached skill level 4 in Fighting
   609 | D:1      | Reached XP level 3. HP: 33/33 MP: 3/3
  1686 | D:2      | Reached skill level 1 in Dodging
  1686 | D:2      | Reached XP level 4. HP: 32/40 MP: 4/4
  2067 | D:3      | Noticed an ogre
  2079 | D:3      | Mangled by an ogre

Action                   |  1- 3 |  4- 6 || total
-------------------------+-------+-------++-------
Melee: Flail             |   136 |    72 ||   208
  Use: Scroll            |       |     1 ||     1
       Potion            |       |     1 ||     1
  Eat: Meat ration       |     1 |       ||     1
